AoeStats
← Coyunto90

Hideout

508057577Analyzed
1v1 RM · 12d ago on Sep 20, 2026· 63m 10s· 2 players
Game mode
Random Map
Map size
Tiny (2 player)
Population
200
Speed
Normal
Resources
Standard
Victory
Conquest
Starting age
Dark Age
Ending age
Imperial Age
RankedLock teamsTeams togetherTeam positionsShared explorationLock speedFull tech treeHidden civsTurbo modeCheats
Victory
Defeat
🇬🇷 Slavs · Greece
1153
+15
🇪🇸 Goths · Spain
1138
-15
Coyunto90
9:29 Feudal Age
10:05 Double-Bit Axe
10:11 Man-at-Arms
14:34 Scale Mail Armor
14:39 Loom
17:33 Fletching
22:43 Castle Age
21:45 Forging
22:49 Long Swordsman
23:55 Bow Saw
24:25 Chain Mail Armor
29:19 Squires
29:57 Pikeman
31:20 Iron Casting
31:05 Horse Collar
35:45 Devotion
37:06 Wheelbarrow
41:35 Imperial Age
41:31 Heavy Plow
41:42 Halberdier
43:04 Conscription
43:48 Anarchy
43:22 Two-Handed Swordsman
44:31 Champion
45:38 Capped Ram
49:03 Blast Furnace
54:34 Hand Cart
55:05 Ballistics
55:16 Perfusion
56:47 Chemistry
58:13 Bodkin Arrow
58:43 Padded Archer Armor
Kasious
10:01 Feudal Age
10:56 Double-Bit Axe
11:01 Horse Collar
10:55 Man-at-Arms
12:58 Loom
14:23 Scale Mail Armor
16:46 Scale Barding Armor
17:35 Town Watch
18:14 Forging
18:43 Bloodlines
19:20 Wheelbarrow
23:11 Castle Age
21:34 Gold Mining
24:35 Bow Saw
25:01 Chain Barding Armor
24:27 Long Swordsman
25:02 Fletching
26:04 Squires
26:38 Chain Mail Armor
27:52 Stone Mining
31:00 Heavy Plow
32:04 Gold Shaft Mining
30:55 Light Cavalry
31:42 Bodkin Arrow
34:20 Husbandry
37:31 Hand Cart
38:32 Iron Casting
39:26 Detinets
43:10 Imperial Age
41:04 Ballistics
42:51 Squires
42:13 Pikeman
43:35 Masonry
43:22 Murder Holes
43:31 Halberdier
44:14 Druzhina
45:13 Plate Mail Armor
45:32 Crop Rotation
45:53 Conscription
47:41 Blast Furnace
48:06 Two-Handed Swordsman
50:02 Hoardings
56:00 Champion
57:07 Sappers
58:17 Siege Engineers
58:22 Careening
61:41 Two-Man Saw
61:02 Hussar
Connection lost

Rejoining the realm…

Still unreachable

The connection could not be restored.

Session expired

The server has moved on; the page needs a fresh start.